 Dungeon Crawl Stone Soup version 0.20-a0-556-g892c87b (webtiles) character file.

10602 w00t the Cleaver (level 11, -1/148 HPs)
             Began as a Minotaur Berserker on Feb 4, 2017.
             Was an Elder of Trog.
             Slain by an eight-headed hydra (4 damage)
             ... on level 1 of the Lair of Beasts.
             The game lasted 00:14:41 (11645 turns).

w00t the Cleaver (Minotaur Berserker)              Turns: 11645, Time: 00:14:41

Health: -1/148     AC: 18    Str: 27    XL:     11   Next: 38%
Magic:  0/8        EV: 14    Int:  4    God:    Trog [****..]
Gold:   533        SH:  5    Dex: 13    Spells: 10/10 levels left

rFire    . . .     SeeInvis .   b - +0 flail
rCold    + + .     Gourm    .   v - +1 chain mail {rF+}
rNeg     . . .     Faith    .   B - +0 buckler
rPois    .         Spirit   +   (helmet restricted)
rElec    .         Reflect  .   r - +1 cloak
rCorr    .         Harm     .   O - +0 pair of gloves
MR       ++...                  (no boots)
Stlth    ..........             k - amulet of guardian spirit {Spirit}
Regen    1.4/turn               N - ring of ice {rC+, rF-}
                                H - ring of protection from cold {rC+, !d}

@: berserking, lethally poisoned (-1 -> -1), regenerating, very quick
A: retaliatory headbutt, horns 2, thin metallic scales 1, low mp 1
a: Berserk, Trog's Hand, Brothers in Arms, Burn Spellbooks, Renounce Religion


You were on level 1 of the Lair of Beasts.
You worshipped Trog.
Trog was greatly pleased with you.
You were near starving.

You visited 2 branches of the dungeon, and saw 11 of its levels.
You also visited: Ossuary.

You collected 533 gold pieces.

Inventory:

Hand Weapons
 a - a +0 war axe of chopping
 b - a +0 flail (weapon)
 g - a +0 dire flail
 X - a +5 antimagic quarterstaff
Missiles
 h - 252 stones
 J - 2 throwing nets {=f, !d}
 W - a javelin (quivered)
Armour
 r - a +1 cloak (worn)
 v - a +1 chain mail of fire resistance (worn)
 A - a +0 shield
 B - a +0 buckler (worn)
 O - a +0 pair of gloves (worn)
Jewellery
 k - an amulet of guardian spirit (around neck) {Spirit}
 H - a ring of protection from cold (left hand) {rC+, !d}
 N - a ring of ice (right hand) {rC+, rF-}
Scrolls
 f - a scroll of blinking {unknown}
Potions
 e - 2 potions of curing {unknown}
Books
 d - a book of Minor Magic

   Spells                             Type                      Level
   a - Magic Dart                     Conjuration                  1
   b - Blink                          Translocation                2
   c - Call Imp                       Summoning                    2
   d - Repel Missiles                 Charms/Air                   2
   e - Slow                           Hexes                        2
   f - Conjure Flame                  Conjuration/Fire             3
   g - Mephitic Cloud                 Conjuration/Poison/Air       3
   Trog disapproves of the use of such an item.
Comestibles
 c - 6 bread rations
 i - 6 royal jellies
 m - 7 meat rations
 S - 5 fruits


   Skills:
 + Level 10.0 Fighting
 * Level 11.2 Axes
 - Level 2.1 Throwing
 + Level 10.0 Armour
 - Level 10.9 Dodging
 - Level 5.0 Shields


You had 10 spell levels left.
You didn't know any spells.

Dungeon Overview and Level Annotations

Branches:
Dungeon (10/15)            Temple (0/1) D:6            Lair (1/6) D:8
    Orc (0/2) D:9

Altars:
Ashenzari
Hepliaklqana
Kikubaaqudgha
Qazlal
Ru
Vehumet
Xom
Zin
The Shining One


Innate Abilities, Weirdness & Mutations

You reflexively headbutt those who attack you in melee.
You have a pair of horns on your head.
You are partially covered in thin metallic scales. (AC +2)
Your magical capacity is low. (-10% MP)


Message History

You feel sick.
The water moccasin bites you but does no damage.
The eight-headed hydra completely misses you.
The eight-headed hydra closely misses you.
The eight-headed hydra bites you!
* * * LOW HITPOINT WARNING * * *
You block the eight-headed hydra's attack.
The eight-headed hydra bites you!
* * * LOW HITPOINT WARNING * * *
The eight-headed hydra bites you but does no damage. x2
The eight-headed hydra bites you.
* * * LOW HITPOINT WARNING * * *
Your chain mail prevents you from hitting the eight-headed hydra.
The eight-headed hydra is heavily wounded.
You feel sick. The water moccasin bites you.
* * * LOW HITPOINT WARNING * * *
You block the eight-headed hydra's attack.
The eight-headed hydra completely misses you.
The eight-headed hydra bites you.
You die...

###.. #.#.# ##.... .....
#####..... ....
#..#...... ...#
####........ #..
####....P#.....
#..###....P####.....
...##......##### ##....
..P.P..@#### #....
...(..SD# #....
####..... #.... #...(..
#.... #........ ####...
#......$... ##..#...
#...........# ###......#
............###.......##
.. #.........#


You could see an eight-headed hydra and a water moccasin.

Vanquished Creatures
  3 two-headed ogres
  The ghost of Snicker the Sneak, a novice DsAs of Gozag (D:7)
  A spiny frog (Lair:1)
  A komodo dragon (Lair:1)
  A hornet (D:9)
  4 polar bears (Lair:1)
  The ghost of Bailgrim the Changer, an amateur OpTm of Gozag (Ossuary)
  2 hippogriffs
  A yak (D:9)
  3 hogs (D:9)
  A human (D:9)
  A basilisk (Lair:1)
  Menkaure (D:5)
  2 hell hounds (D:8)
  4 black bears (Lair:1)
  A porcupine (Lair:1)
  A sky beast (D:6)
  3 orc warriors
  3 phantoms
  7 centaurs
  A necrophage (D:7)
  6 ogres
  The ghost of zephy the Stinger, an amateur DsVM (D:3)
  2 crocodiles (Lair:1)
  2 big kobolds
  A water moccasin zombie (D:9)
  3 bullfrogs
  A scorpion (D:8)
  5 killer bees (D:7)
  3 howler monkeys (D:7)
  A crimson imp (D:5)
  2 hounds
  A quasit (D:10)
  Crazy Yiuf (D:5)
  A human zombie (Ossuary)
  An orc priest (D:9)
  5 jellies
  3 gnoll shamans (D:9)
  A centaur skeleton (D:5)
  2 bullfrog skeletons (D:7)
  9 worker ants
  3 iguanas (D:7)
  7 orc wizards
  A big kobold zombie (Ossuary)
  2 hound zombies
  2 hound skeletons
  2 mummies (Ossuary)
  A worker ant zombie (D:8)
  4 adders
  16 gnolls
  2 shadow imps
  4 adder zombies
  An adder skeleton (D:5)
  6 worms
  3 dart slugs
  4 leopard geckos
  22 orcs
  7 giant cockroaches
  3 goblins (D:3)
  3 hobgoblins
  9 jackals
  6 quokkas
  A ball python (D:4)
  4 bats
  6 frilled lizards
  2 goblin zombies (Ossuary)
  5 hobgoblin zombies (Ossuary)
  4 jackal zombies (Ossuary)
  13 kobolds
  10 kobold zombies (Ossuary)
  11 orc zombies (Ossuary)
  A quokka skeleton (D:4)
  5 rats
264 creatures vanquished.

Vanquished Creatures (collateral kills)
  An ugly thing (D:10)
  2 black bears (Lair:1)
3 creatures vanquished.

Vanquished Creatures (others)
  5 fungi (D:9)
  4 plants (D:9)
9 creatures vanquished.

Grand Total: 276 creatures vanquished

Notes
Turn   | Place    | Note
-------+----------+-------------------------------------------
     0 | D:1      | w00t the Minotaur Berserker began the quest for the Orb.
     0 | D:1      | Reached XP level 1. HP: 19/19 MP: 0/0
   529 | D:1      | Reached XP level 2. HP: 27/27 MP: 1/1
   852 | D:2      | Reached XP level 3. HP: 28/33 MP: 2/2
   924 | D:2      | Found a radiant altar of Vehumet.
   939 | D:2      | Reached ** piety under Trog
  1020 | D:2      | Reached skill level 4 in Axes
  1826 | D:3      | Reached XP level 4. HP: 38/40 MP: 3/3
  1829 | D:3      | Noticed zephy's ghost (amateur DsVM)
  1834 | D:3      | Killed zephy's ghost
  1834 | D:3      | Reached XP level 5. HP: 47/47 MP: 4/4
  2844 | D:4      | Reached *** piety under Trog
  2974 | D:4      | Noticed an orc warrior
  2984 | D:4      | Killed an orc warrior
  2984 | D:4      | Reached skill level 5 in Axes
  2984 | D:4      | Reached XP level 6. HP: 45/55 MP: 3/5
  2995 | D:4      | Reached skill level 5 in Fighting
  3214 | D:4      | Reached skill level 5 in Dodging
  3497 | D:5      | Entered Level 5 of the Dungeon
  3878 | D:5      | Reached skill level 1 in Shields
  3878 | D:5      | Reached XP level 7. HP: 57/61 MP: 6/6
  4014 | D:5      | Found a sacrificial altar of Ru.
  4099 | D:5      | Noticed Menkaure
  4104 | D:5      | Killed Menkaure
  4112 | D:5      | Reached skill level 5 in Shields
  4261 | D:5      | Found a runed door.
  4738 | D:5      | Noticed Crazy Yiuf
  4750 | D:5      | Killed Crazy Yiuf
  4750 | D:5      | Reached XP level 8. HP: 53/70 MP: 3/7
  4941 | D:6      | Reached skill level 5 in Armour
  5070 | D:6      | Found a sacrificial altar of Ru.
  5120 | D:6      | Found a stormy altar of Qazlal.
  5172 | D:6      | Found a staircase to the Ecumenical Temple.
  5351 | D:6      | Found a sand-covered staircase.
  5414 | Ossuary  | Entered an ossuary
  5414 | Ossuary  | Noticed Bailgrim's ghost (amateur OpTm)
  5420 | Ossuary  | Killed Bailgrim's ghost
  5420 | Ossuary  | Reached skill level 6 in Axes
  5498 | Ossuary  | Reached **** piety under Trog
  5698 | Ossuary  | Reached skill level 1 in Throwing
  6143 | D:7      | Reached ***** piety under Trog
  6159 | D:7      | Noticed Snicker's ghost (novice DsAs)
  6342 | D:7      | Killed Snicker's ghost
  6342 | D:7      | Reached XP level 9. HP: 72/78 MP: 8/8
  6501 | D:7      | Reached skill level 7 in Axes
  6966 | D:7      | Noticed a two-headed ogre
  6973 | D:7      | Killed a two-headed ogre
  7450 | D:8      | Received a gift from Trog
  7577 | D:8      | Noticed an angel
  7578 | D:8      | Found a glowing silver altar of Zin.
  7579 | D:8      | Found a shimmering altar of Xom.
  7601 | D:8      | Noticed a two-headed ogre
  7610 | D:8      | Reached skill level 8 in Axes
  7610 | D:8      | Reached XP level 10. HP: 68/88 MP: 6/9
  7620 | D:8      | Killed a two-headed ogre
  7620 | D:8      | Reached skill level 10 in Dodging
  8047 | D:8      | Found an ancient bone altar of Kikubaaqudgha.
  8055 | D:8      | Found a shattered altar of Ashenzari.
  8194 | D:8      | Found a staircase to the Lair.
  8304 | D:8      | Found a hazy altar of Hepliaklqana.
  8483 | D:9      | Paralysed by a hornet for 2 turns
  8887 | D:9      | Found a glowing golden altar of the Shining One.
  9115 | D:9      | Found a staircase to the Orcish Mines.
  9347 | D:9      | Reached skill level 9 in Axes
 10104 | D:10     | Entered Level 10 of the Dungeon
 10169 | D:10     | Noticed a brown ugly thing
 10175 | D:10     | Killed a brown ugly thing
 10175 | D:10     | Reached skill level 10 in Axes
 10175 | D:10     | Reached XP level 11. HP: 97/97 MP: 10/10
 10179 | D:10     | Gained mutation: You are partially covered in thin metallic scales. (AC +2) [mutagenic meat]
 10180 | D:10     | Gained mutation: Your magical capacity is low. (-10% MP) [mutagenic meat]
 10207 | D:10     | Noticed a two-headed ogre
 10217 | D:10     | Killed a two-headed ogre
 10620 | Lair:1   | Entered Level 1 of the Lair of Beasts
 10784 | Lair:1   | HP: 5/148 [polar bear (13)]
 11137 | Lair:1   | Reached skill level 11 in Axes
 11208 | Lair:1   | Reached skill level 10 in Fighting
 11611 | Lair:1   | Reached skill level 10 in Armour
 11633 | Lair:1   | Noticed a five-headed hydra
 11645 | Lair:1   | HP: 3/148 [water moccasin (5)]
 11645 | Lair:1   | Slain by an eight-headed hydra

Vault maps used:
D:1:      onia_arrival_pyramid
D:2:      old_standard_altar, serial_forest, infiniplex_forest_lined_2,
          infiniplex_forest_clump_diagonal, infiniplex_forest_corner_1,
          infiniplex_forest_clump_small
D:4:      first_bread
D:5:      nicolae_ru_sacrificial_ziggurat, uniq_menkaure,
          uniq_crazy_yiuf_cottage
D:6:      nicolae_overflow_crystal_walls, minmay_temple_entry_hall,
          enter_ossuary_5, basic_altar
D:8:      grunt_temple_overflow_order_and_chaos_1, minitemple, kennysheep_mini,
          minmay_lair_entry_lava
D:9:      kennysheep_seaside_town, lemuel_crystal_altar, orc_0_dummy,
          grunt_livestock
D:10:     uniq_snorg, uniq_urug
Lair:1:   beast_lair_carwin_large_3
Ossuary:  ossuary_tomb_1

Skill      XL: |  1  2  3  4  5  6  7  8  9 10 11 |
---------------+----------------------------------+-----
Fighting       | 4 5 6 8 9 10 | 10.0
Dodging        | 3 4 5 8 9 10 | 10.9
Axes           | 4 5 6 8 10 11 | 11.2
Armour         | 3 4 6 7 9 10 | 10.0
Shields        | 1 5 |  5.0
Throwing       | 2 |  2.1

Action                   |  1- 3 |  4- 6 |  7- 9 | 10-12 || total
-------------------------+-------+-------+-------+-------++-------
Melee: Hand axe          |    69 |   137 |   339 |    91 ||   636
       Headbutt          |    14 |    26 |    86 |    75 ||   201
       War axe           |       |       |       |   175 ||   175
       Flail             |       |       |       |     4 ||     4
Throw: Stone             |    67 |    73 |   295 |    55 ||   490
       Javelin           |       |       |       |    26 ||    26
Invok: Berserk           |       |     1 |     3 |     5 ||     9
       Trog's Hand       |       |       |     3 |     5 ||     8
       Brothers in Arms  |       |       |       |     2 ||     2
  Eat: Chunk             |     2 |     8 |    11 |    10 ||    31
       Bread ration      |       |       |     1 |     2 ||     3
       Fruit             |       |       |     1 |       ||     1
       Royal jelly       |       |       |       |     1 ||     1
Armor: Ring mail         |    12 |     8 |       |       ||    20
       Animal skin       |     2 |       |       |       ||     2
       Chain mail        |       |    48 |   129 |   278 ||   455
Dodge: Dodged            |    36 |    71 |   166 |   220 ||   493
Block: Buckler           |       |       |    76 |   105 ||   181
